 Dungeon Crawl Stone Soup version 0.28.0-1-gb440e238dd (webtiles) character file.

Game seed: 12941156654306899163

276 PoweredByGinger the Chopper (level 6, 0/51 HPs)
             Began as a Minotaur Fighter on Feb 19, 2022.
             Succumbed to a scorpion's poison
             ... on level 2 of the Dungeon.
             The game lasted 00:02:58 (3436 turns).

PoweredByGinger the Chopper (Minotaur Fighter)      Turns: 3436, Time: 00:02:58

Health: 0/51       AC:  6    Str: 22    XL:     6   Next: 4%
Magic:  5/5        EV: 10    Int:  5    God:
Gold:   121        SH:  0    Dex: 10    Spells: 5/5 levels left

rFire   . . .      SeeInvis .   a - +0 war axe
rCold   . . .      Faith    .   (no shield)
rNeg    . . .      Spirit   .   b - +0 scale mail
rPois   .          Reflect  .   (helmet restricted)
rElec   .          Harm     .   (no cloak)
rCorr   .          Rampage  .   (no gloves)
Will    .....                   (no boots)
Stlth   ..........              (no amulet)
HPRegen 0.17/turn               (no ring)
MPRegen 0.09/turn               (no ring)

@: lethally poisoned (0 -> -7)
A: horns 2, retaliatory headbutt
a: no special abilities


You were on level 2 of the Dungeon.
You visited 1 branch of the dungeon, and saw 3 of its levels.

You collected 121 gold pieces.

Inventory:

Hand Weapons
 a - a +0 war axe (weapon)
Missiles
 e - 40 arrows
Armour
 b - a +0 scale mail (worn)
 c - a +0 buckler
Jewellery
 h - a +4 ring of evasion
Scrolls
 f - 2 scrolls of enchant armour {unknown}
 g - 4 scrolls of identify {unknown}
 i - a scroll of blinking {unknown}
 j - a scroll of enchant weapon {unknown}
 l - a scroll of teleportation {unknown}
 m - a scroll of vulnerability {unknown}
Potions
 d - a potion of might


   Skills:
 - Level 3.6 Fighting
 + Level 7.2 Axes
 - Level 3.6 Armour
 + Level 1.8 Dodging
 + Level 0.4 Stealth
 - Level 3.6 Shields


You had 5 spell levels left.
You didn't know any spells.
Your spell library was empty.

Dungeon Overview and Level Annotations

Branches:
Dungeon (3/15)

Altars:

Annotations:
D:3 Sigmund


Innate Abilities, Weirdness & Mutations

You have a pair of horns on your head.
You reflexively headbutt those who attack you in melee.


Message History

You closely miss Natasha. Natasha barely misses you. The scorpion misses you.
You closely miss the scorpion.
The scorpion is lightly wounded.
You hit Natasha.
The scorpion stings you but does no damage.
Natasha casts a spell at you. The magic dart hits you! The scorpion stings you.
You are poisoned.
The scorpion poisons you!
You hit Natasha. You headbutt Natasha.
Natasha is heavily wounded.
You barely miss the scorpion.
You feel very sick.
Natasha zaps a wand.
The puff of flame hits you!
* * * LOW HITPOINT WARNING * * *
The scorpion stings you!
* * * LOW HITPOINT WARNING * * *
You are more poisoned.
The scorpion poisons you! Natasha claws you but does no damage.
You are too injured to fight recklessly!
It was a potion of curing.
You feel better. The scorpion misses you.
Natasha zaps a wand.
The puff of flame hits you.
* * * LOW HITPOINT WARNING * * *
You feel better. The scorpion stings you.
* * * LOW HITPOINT WARNING * * *
Natasha closely misses you. You furiously retaliate!
You headbutt Natasha. The scorpion stings you.
* * * LOW HITPOINT WARNING * * *
You barely miss Natasha.
Natasha is almost dead.
You hit the scorpion but do no damage. The scorpion stings you!
* * * LOW HITPOINT WARNING * * *
You are lethally poisoned!
The scorpion poisons you! Natasha claws you but does no damage.
Unknown command.
You hit Natasha.
You kill Natasha!
You feel Natasha's spirit has finally been put to rest.
You hit the scorpion but do no damage.
You die...

# #.##.###.###.#.......# #
#.##.# #.............# #
####.##.#######.#.#...#.# #
#...............#.##.##.#
#.##.##.#########.......#
####.##.##.###### ##.#.##.#
##.......##......# #.#.##.#
...##.#..##..../.# #...##.#
...##.#..#......@# #..###.#
...##..........s.# #..###.#
#..##.##.#.#.....# #......#
#..<.....#.############.#####
....).####.# #.......##.#
#.##..####.# #.#####.##.#
#..........# #.#####.##.#
##......#### #..........#
##.#..#.######.##.#..####


You could see a scorpion.

Vanquished Creatures
  Pargi (D:3)
  A jelly (D:3)
  Natasha (thrice) (D:3 D:2)
  Terence (D:3)
  An adder (D:2)
  2 worms
  A dart slug (D:2)
  6 ball pythons
  6 bats
  4 endoplasms
  4 giant cockroaches
  5 goblins
  2 hobgoblins
  3 jackals (D:3)
  2 quokkas
  3 frilled lizards
  4 kobolds
  4 rats
53 creatures vanquished.

Notes
Turn   | Place    | Note
-------+----------+-------------------------------------------
     0 | D:1      | PoweredByGinger the Minotaur Fighter began the quest for
                  | the Orb.
     0 | D:1      | Reached XP level 1. HP: 19/19 MP: 0/0
    17 | D:1      | You fall into a shaft and drop 1 floor!
    33 | D:2      | Reached skill level 3 in Axes
   117 | D:1      | Reached XP level 2. HP: 18/26 MP: 1/1
   558 | D:1      | Reached skill level 4 in Axes
   885 | D:2      | Reached XP level 3. HP: 29/31 MP: 2/2
  1872 | D:3      | Reached skill level 1 in Dodging
  2022 | D:3      | Found a faded altar of an unknown god.
  2118 | D:3      | Noticed Natasha
  2533 | D:3      | Reached skill level 5 in Axes
  2533 | D:3      | Reached XP level 4. HP: 37/39 MP: 3/3
  2587 | D:3      | Killed Natasha
  2744 | D:3      | Noticed Pargi
  2755 | D:3      | Killed Pargi
  2756 | D:3      | Reached skill level 6 in Axes
  2756 | D:3      | Reached XP level 5. HP: 25/45 MP: 4/4
  2966 | D:3      | Noticed Terence
  2971 | D:3      | Killed Terence
  3255 | D:3      | Reached skill level 7 in Axes
  3327 | D:3      | Noticed Natasha
  3335 | D:3      | Killed Natasha
  3336 | D:3      | Reached XP level 6. HP: 44/51 MP: 5/5
  3409 | D:3      | Noticed Sigmund
  3423 | D:3      | Noticed Natasha
  3435 | D:2      | HP: 2/51 [scorpion (8)]
  3436 | D:2      | Killed Natasha
  3436 | D:2      | Succumbed to a scorpion's poison

Illustrated notes

Levels and vault maps discovered:
D:1:      amcnicky_arrival_abandoned_market, layout_rooms, minmay_tetromino_o2
D:2:      layout_loops_cross, grunt_decor_clamped, minmay_misc_feat_five
D:3:      layout_basic, ebering_ecumenical_altar_box, uniq_pargi, uniq_natasha,
          uniq_sigmund, uniq_terence

Skill      XL: |  1  2  3  4  5 |
---------------+----------------+-----
Axes           | 3 4 5 6 7 |  7.2
Dodging        | 1 |  1.8
Fighting       | |  3.6
Armour         | |  3.6
Stealth        | |  0.4
Shields        | |  3.6

Action                   |  1- 3 |  4- 6 || total
-------------------------+-------+-------++-------
Melee: War axe           |    89 |    32 ||   121
       Headbutt          |    12 |     4 ||    16
  Use: Potion            |       |     3 ||     3
Armor: Scale mail        |    62 |    19 ||    81
Dodge: Dodged            |    52 |    29 ||    81
